 Dungeon Crawl Stone Soup version 0.28-a0-1235-g7c8fac35f0 (webtiles) character file.

Game seed: 2223007216087290560

51 Zonian the Insei (level 3, 0/27 HPs)
             Began as a Merfolk Transmuter on Dec 24, 2021.
             Shot with an arrow by a centaur (11 damage)
             ... on level 3 of the Dungeon.
             The game lasted 00:03:10 (1755 turns).

Zonian the Insei (Merfolk Transmuter)               Turns: 1755, Time: 00:03:11

Health: 0/27       AC:  3    Str: 12    XL:     3   Next: 81%
Magic:  6/6        EV: 13    Int: 12    God:
Gold:   104        SH:  0    Dex: 14    Spells: 5/6 levels left

rFire   . . .      SeeInvis .     - Unarmed
rCold   . . .      Faith    .   (no shield)
rNeg    . . .      Spirit   .   a - +0 robe
rPois   .          Reflect  .   (no helmet)
rElec   .          Harm     .   g - +0 cloak
rCorr   .          Rampage  .   (no gloves)
Will    .....                   (no boots)
Stlth   +.........              (no amulet)
HPRegen 0.09/turn               (no ring)
MPRegen 0.10/turn               (no ring)

@: no status effects
A: (nimble swimmer 2), mertail
a: no special abilities


You were on level 3 of the Dungeon.
You visited 1 branch of the dungeon, and saw 4 of its levels.

You collected 104 gold pieces.

Inventory:

Hand Weapons
 e - a +0 whip
 f - a +0 dagger
 h - a +1 dagger of freezing
Missiles
 j - 2 poisoned darts
Armour
 a - a +0 robe (worn)
 g - a +0 cloak (worn)
Scrolls
 b - a scroll of fog
 d - a scroll of noise
 i - 2 scrolls of identify
Potions
 c - a potion of resistance


   Skills:
 + Level 1.9 Fighting
 + Level 3.3 Dodging
 + Level 3.6 Unarmed Combat
 + Level 2.4 Spellcasting
 + Level 3.3 Transmutations


You had 5 spell levels left.
You knew the following spells:

 Your Spells              Type           Power      Damage    Failure   Level
a - Beastly Appendage     Tmut           18%        N/A       7%          1

Your spell library contained the following spells:

 Spells                   Type           Power      Damage    Failure   Level
 Wereblood                Tmut           9%         N/A       10%         2
 Scorch                   Fire           2%         2d5       36%         2
 Spider Form              Tmut/Pois      5%         N/A       36%         3
 Ice Form                 Ice/Tmut       5%         N/A       78%         4
 Flame Wave               Conj/Fire      1%         2d4       95%         4
 Summon Cactus Giant      Summ           0%         N/A       100%        6


Dungeon Overview and Level Annotations

Branches:
Dungeon (4/15)
 Temple: D:4-7

Altars:


Innate Abilities, Weirdness & Mutations

((You are very nimble when in or above water. (Stealth+, EV+, Speed+++)))
Your lower body shifts to a powerful aquatic tail in water.


Message History

You add the spells Scorch, Flame Wave and Summon Cactus Giant to your library.
You see here 24 arrows.
j - a scroll labelled OKAEZA POUCSEMP
There is a stone staircase leading up here.
You climb upwards.
The kobold shouts!
You hear a shout!
There is a stone staircase leading down here.
Unknown command.
You grow a pair of large bovine horns.
The kobold misses you.
You closely miss the kobold. The kobold barely misses you.
You hit the kobold.
You kill the kobold!
No target in view!
Unknown command.
As you read the scroll labelled KIKLAXOCIT, it crumbles to dust.
It is a scroll of amnesia.
Really abort (and waste the scroll)?
Okay, then.
Unknown command.
Blink to where?
Press: ? - help, Dir - move target
As you read the scroll labelled OKAEZA POUCSEMP, it crumbles to dust.
It was a scroll of blinking.
Unknown command.
Things that are here:
a +0 whip; 2 poisoned darts; a kobold corpse Unknown command.
e - a +0 whip;
j - 2 poisoned darts Unknown command.
Your transformation is almost over.
Your horns disappear.
A frilled lizard and an endoplasm come into view.
A centaur comes into view.
Unknown command.
The centaur wields a +0 shortbow.
The centaur shoots an arrow.
The arrow hits you.
The centaur shoots an arrow.
The arrow hits you!
The centaur shoots an arrow.
The arrow hits you.
The centaur shoots an arrow.
The arrow hits you!
You die...

..... .... ##..#
###...# ####
#...#.##.....
##.##....c.#
.#####..##...#.##
............##.#
.......@######.#
##......### #.#
###.##...# #.# #.
###.## #.# #
#..###.#####
##.........#
#...†.....#
#.........#
#.........#


You could see a centaur.

Vanquished Creatures
  2 adders (D:4)
  A worm (D:2)
  2 endoplasms
  A giant cockroach (D:1)
  2 goblins
  3 hobgoblins
  5 kobolds
  4 ball pythons
  A bat (D:1)
  8 frilled lizards (D:1)
  2 rats
31 creatures vanquished.

Notes
Turn   | Place    | Note
-------+----------+-------------------------------------------
     0 | D:1      | Zonian the Merfolk Transmuter began the quest for the Orb.
     0 | D:1      | Reached XP level 1. HP: 15/15 MP: 3/3
   193 | D:1      | Reached XP level 2. HP: 21/21 MP: 3/5
   213 | D:1      | Found a faded altar of an unknown god.
  1167 | D:2      | Reached XP level 3. HP: 26/26 MP: 4/6
  1220 | D:2      | You fall into a shaft and drop 2 floors!
  1751 | D:3      | Noticed a centaur
  1755 | D:3      | Shot with an arrow by a centaur

Illustrated notes

Levels and vault maps discovered:
D:1:      giann_horns, layout_rooms, ebering_ecumenical_altar_hall,
          chequers_serial_rivers_marsh, minmay_lizard_pond
D:2:      layout_basic, guppyfry_early_lair_pool
D:3:      layout_rooms, uniq_sigmund
D:4:      layout_rooms, minmay_temple_entry_waves

Skill      XL: |  1  2 |
---------------+-------+-----
Dodging        | 3 |  3.3
Transmutations | 3 |  3.3
Fighting       | |  1.9
Unarmed Combat | |  3.6
Spellcasting   | |  2.4

Action                   || total
-------------------------++-------
Melee: Unarmed           ||    86
       Headbutt          ||     8
 Cast: Beastly Appendage ||    25
  Use: Scroll            ||     6
 Stab: Sleeping          ||     1
Armor: Robe              ||    12
Dodge: Dodged            ||    53

Table legend: (Time is in decaauts)
 A = Elapsed time spent in this place.
 B = Non-inter-level travel time spent in this place.
 C = Inter-level travel time spent in this place.
 D = Time resting spent in this place.
 E = Time spent auto-exploring this place.
 F = Levels seen in this place.
 G = Mean time per level.
                   A        B        C        D        E       F      G
               +--------+--------+--------+--------+--------+-----+--------+
         Total |   1743 |   1733 |     10 |    510 |    797 |   4 |  435.8 |
       Dungeon |   1743 |   1733 |     10 |    510 |    797 |   4 |  435.8 |
               +--------+--------+--------+--------+--------+-----+--------+

Top non-repeatable levels by time:
     D:1: 934 daAuts
     D:4: 498 daAuts
     D:2: 275 daAuts
     D:3: 34 daAuts
